 Dungeon Sprint DCSS version 0.23.2-1-ga50397a6bc (webtiles) character file.

Game seed: 8655664151810878527

145 Kobolds4U the Unseen (level 5, -6/25 HPs)
             Began as a Spriggan Assassin on May 23, 2019.
             Mangled by an ogre
             ... wielding a +0 giant spiked club
              (25 damage)
             ... in the Dungeon (Sprint I: "Red Sonja").
             The game lasted 00:00:30 (29 turns).

Kobolds4U the Unseen (Spriggan Assassin)              Turns: 29, Time: 00:00:30

Health: -6/25      AC:  3    Str:  7    XL:     5   Next: 6%
Magic:  6/6        EV: 17    Int: 13    God:
Gold:   0          SH:  0    Dex: 18    Spells: 4/4 levels left

rFire    . . .     SeeInvis +   a - +2 dagger
rCold    . . .     Gourm    .   (shield restricted)
rNeg     . . .     Faith    .   c - +0 robe
rPois    .         Spirit   .   (helmet restricted)
rElec    .         Reflect  .   d - +0 cloak
rCorr    .         Harm     .   (gloves unavailable)
MR       .....     NoTele   +   (boots unavailable)
Stlth    ++++++....             (no amulet)
HPRegen  0.08/turn              (no ring)
MPRegen  0.10/turn              (no ring)

@: very quick
A: very small, unfitting armour, see invisible, herbivore, speed 3, slow
metabolism 2
a: no special abilities


You were in the Dungeon.
You were not hungry.

You visited 1 branch

Inventory:

Hand Weapons
 a - a +2 dagger (weapon)
 b - a +0 blowgun
Missiles
 e - 8 poisoned needles
 f - 2 curare-tipped needles
Armour
 c - a +0 robe (worn)
 d - a +0 cloak (worn)
Scrolls
 m - a scroll of blinking
Potions
 h - a potion of curing
 i - a potion of heal wounds
 j - a potion of haste
 k - 2 potions of magic
 l - a potion of berserk rage
Comestibles
 g - a ration


   Skills:
 - Level 1.5 Fighting
 - Level 2.1 Short Blades
 - Level 2.0 Throwing
 - Level 1.5 Dodging
 + Level 15.6 Stealth


You had 4 spell levels left.
You didn't know any spells.
Your spell library was empty.

Dungeon Overview and Level Annotations

Branches:
Dungeon (1/1)

Altars:
Cheibriados
Dithmenos
Elyvilon
Fedhas
Hepliaklqana
Kikubaaqudgha
Okawaru
Qazlal
Ru
Sif Muna
Trog
Uskayaw
Vehumet
Wu Jian
Yredelemnul
Zin
The Shining One

Shops:
D [

Annotations:
D Ijyb


Innate Abilities, Weirdness & Mutations

You are very small and have problems with some larger weapons.
You are too small for most types of armour.
You have supernaturally acute eyesight. (SInv)
You are a herbivore.
You cover ground extremely quickly.
You need to consume almost no food.


Message History

There is an open door here.
Found a radiant altar of Vehumet.
You see here a scroll labeled JOKLAU CUHYACW.
You see here a book of Misfortune.
The jelly barely misses you.
There is an ornate altar of the Wu Jian Council here.
The jelly hits you but does no damage. The jelly hits you but does no damage.
As you open the door, it creaks loudly!
A yak comes into view.
The yak bellows!
The jelly closely misses you.
Found Osawomer's Antique Armour Emporium.
Found fourteen altars.
The yak closely misses you. The jelly barely misses you.
You hit the yak but do no damage. The yak gores you.
The jelly closely misses you.
The ogre hits you with a +0 giant spiked club!!
Ouch! That really hurt!
You die...

################
#<.#..'..#.)'$$#
#..'..#..'..#$$+
#..#####+#####'#
#..# #?#
#..#__## ##:#
#..#_____##+#_.+
#⌠⌠#_.∩...Y@Jg_#
####_..__##_O#+#
___ ##+# #


You could see a yak, an ogre, Ijyb and a jelly.

Vanquished Creatures
  Sigmund (D)
1 creature vanquished.

Notes
Turn   | Place    | Note
-------+----------+-------------------------------------------
     0 | D        | Kobolds4U the Spriggan Assassin began the quest for the
                  | Orb.
     0 | D        | Reached XP level 1. HP: 10/10 MP: 2/2
     1 | D        | Noticed Ijyb
     5 | D        | Noticed an ogre
     9 | D        | Noticed Sigmund
    12 | D        | Killed Sigmund
    12 | D        | Reached skill level 15 in Stealth
    12 | D        | Reached XP level 2. HP: 12/14 MP: 3/3
    12 | D        | Reached XP level 3. HP: 16/18 MP: 4/4
    12 | D        | Reached XP level 4. HP: 20/22 MP: 5/5
    12 | D        | Reached XP level 5. HP: 23/25 MP: 6/6
    18 | D        | Found an ornate altar of the Wu Jian Council.
    18 | D        | Found a deep blue altar of Sif Muna.
    20 | D        | Found a radiant altar of Vehumet.
    26 | D        | Found Osawomer's Antique Armour Emporium.
    26 | D        | Found an ancient bone altar of Kikubaaqudgha.
    26 | D        | Found a hazy altar of Hepliaklqana.
    26 | D        | Found a stormy altar of Qazlal.
    26 | D        | Found a hide-covered altar of Uskayaw.
    26 | D        | Found a blossoming altar of Fedhas.
    26 | D        | Found a bloodstained altar of Trog.
    26 | D        | Found an iron altar of Okawaru.
    26 | D        | Found a basalt altar of Yredelemnul.
    26 | D        | Found a glowing golden altar of the Shining One.
    26 | D        | Found a snail-covered altar of Cheibriados.
    26 | D        | Found a sacrificial altar of Ru.
    26 | D        | Found a glowing silver altar of Zin.
    26 | D        | Found a shadowy altar of Dithmenos.
    26 | D        | Found a white marble altar of Elyvilon.
    26 | D        | Noticed a yak
    29 | D        | Mangled by an ogre

Skill      XL: |  1 |
---------------+----+-----
Stealth        | 15 | 15.6
Fighting       | |  1.5
Short Blades   | |  2.1
Throwing       | |  2.0
Dodging        | |  1.5

Action                   |  1- 3 |  4- 6 || total
-------------------------+-------+-------++-------
Melee: Dagger            |     1 |     1 ||     2
 Stab: Sleeping          |     1 |       ||     1
Armor: Robe              |       |     2 ||     2
Dodge: Dodged            |     3 |     6 ||     9
